Cogmind - Beta 16.1 @@@ ROGUE MODE // 2026.04.08 @ 03:14:26 Player: zacyquack Result: Destroyed by G-47 Trooper with Particle Gun Performance ------------- Evolutions (1) 500 Regions Visited (2) 400 Robots Destroyed (40) 200 Value Destroyed (890) 890 Prototype IDs (2) 40 Alien Tech Used (0) 0 Bonus (0) 0 TOTAL SCORE: 2030 Bonus ------- None Cogmind --------- Core Integrity 0/400 Matter 240/300 Energy 100/100 System Corruption 0% Temperature Cool (27) Movement Core (700) Ox13 Location -9/Materials Parts ------- > --- POWER (1) -------- (None) > --- PROPULSION (2) --- (None) > --- UTILITY (4) ------ High-capacity Storage Unit Visual Processing Unit > --- WEAPON (2) ------- (None) > --- INVENTORY (20) --- Trap Scanner Trap Scanner Visual Processing Unit Terrain Scanner Improved Propulsion Shielding Tractor Beam Improved EM Shotgun Peak State ------------ > --- POWER ------------ Light Nuclear Core > --- PROPULSION ------- Carbon-fiber Leg Carbon-fiber Leg > --- UTILITY ---------- High-capacity Storage Unit Trap Scanner Visual Processing Unit Improved Propulsion Shielding > --- WEAPON ----------- Heavy Particle Cannon Heavy Particle Cannon > --- INVENTORY -------- Light Nuclear Core Heat Sink Trap Scanner Visual Processing Unit Terrain Scanner Weapon Shielding Tractor Beam Assault Rifle Grenade Launcher Grenade Launcher [Rating: 25] Favorites ----------- Power Ion Engine Engine Ion Engine Power Core Light Nuclear Core Propulsion Light Treads Treads Light Treads Leg Carbon-fiber Leg Utility High-capacity Storage Unit Device Trap Scanner Storage High-capacity Storage Unit Processor Visual Processing Unit Protection Weapon Shielding Weapon Grenade Launcher Energy Cannon Heavy Particle Cannon Ballistic Gun Assault Rifle Launcher Grenade Launcher Build | -11 -10 -9 ------- Run | Yrd Mat Mat Slots Evolved 2 | . . 2 Power . | . . . Propulsion . | . . . Utility 2 | . . 2 Weapon . | . . . Parts Attached 21 | 6 5 10 Power 3 | 1 . 2 Engine 1 | 1 . . Core 2 | . . 2 Reactor . | . . . Propulsion 4 | 2 . 2 Treads 2 | 2 . . Leg 2 | . . 2 Wheel . | . . . Hover . | . . . Flight . | . . . Utility 8 | 1 3 4 Device 3 | . 1 2 Storage 2 | 1 1 . Processor 1 | . . 1 Hackware . | . . . Protection 2 | . 1 1 Artifact . | . . . Weapon 6 | 2 2 2 Energy Gun . | . . . Energy Cannon 2 | . . 2 Ballistic Gun 2 | 2 . . Ballistic Cannon . | . . . Launcher 2 | . 2 . Special Weapon . | . . . Impact Weapon . | . . . Slashing Weapon . | . . . Piercing Weapon . | . . . Special Melee Weapon . | . . . Unidentified Prototypes . | . . . Parts Lost 11 | . 1 10 Power 3 | . 1 2 Propulsion 2 | . . 2 Utility 2 | . . 2 Weapon 4 | . . 4 Highest Loss Streak 9 | . 1 9 To Critical Strikes . | . . . Average Backups 6 | 1 6 7 Power . | . 1 . Propulsion . | . . . Utility 3 | . 2 4 Weapon 2 | . 2 2 Tool/Special . | . . . Unused Backups 9 | . 2 7 Power 2 | . 1 1 Propulsion . | . . . Utility 5 | . 1 4 Weapon 2 | . . 2 Tool/Special . | . . . Average Slot Usage (%) 95 | . 97 92 Engine 6 | . 13 . Core 3 | . . 7 Treads 16 | . 28 3 Leg 8 | . . 17 Device 6 | . 3 10 Storage 12 | . 14 11 Processor 5 | . . 10 Protection 9 | . 9 10 Energy Cannon 2 | . . 5 Ballistic Gun 10 | . 16 4 Launcher 11 | . 11 11 Peak Build Rating 25 | 6 7 25 Average Rating 11 | 4 6 17 On Entrance 4 | . 6 6 Avg Prop Armor Cover (%) . | . . . Naked Turns . | . . . Heaviest Build 61 | 13 51 61 Greatest Support 40 | 40 40 40 Greatest Overweight (x) 15 | 1 1 15 Average Overweight (x) . | . . 1 Largest Inventory Capacity 20 | 8 20 20 Average Capacity 18 | 7 17 20 Most Carried 11 | 5 8 11 Average Carried 6 | 1 6 7 Final Capacity 20 | 8 20 20 Final Carried 7 | 1 7 7 Class Distribution -------------------- 100% | Mutant Dominant Class ---------------- Mutant | -10/Materials Mutant | -9/Materials Resources | -11 -10 -9 ----------- Run | Yrd Mat Mat Matter Collected 727 | 231 204 292 Remotely . | . . . Salvage Created 982 | . 579 403 Parts 62 | . 38 24 Haulers Intercepted 1 | . 1 . Recyclers Shooed 2 | . 1 1 Parts Field Recycled . | . . . Retrieved Matter . | . . . Parts Self-Destructed . | . . . Prevented . | . . . Parts Restored . | . . . Kills | -11 -10 -9 ------- Run | Yrd Mat Mat Combat Hostiles Destroyed 28 | . 13 15 Guns 3 | . 2 1 Cannons 7 | . . 7 AOE 18 | . 11 7 Classes Destroyed 8 | . 7 1 Worker 3 | . 2 1 Builder 1 | . 1 . Hauler 1 | . 1 . Recycler 2 | . 2 . Watcher 5 | . 2 3 Swarmer 9 | . 3 6 Grunt 18 | . 10 8 Brawler 1 | . . 1 Best Kill Streak 8 | . 6 8 Combat Bots Only 8 | . 5 8 Max Kills in Single Turn 4 | . 4 3 Gunslinging . | . . . Exploded 4 | . 4 3 Melee . | . . . Uniques/NPCs Destroyed . | . . . Combat | -11 -10 -9 -------- Run | Yrd Mat Mat Hostile Shots Fired 199 | . 48 151 Missed 50 | . 15 35 Hits 149 | . 33 116 Projectile 149 | . 33 116 Critical Strikes 1 | . . 1 Damage Taken 1739 | . 390 1349 Core 452 | . 42 410 Absorbed by Shields . | . . . Redirected to Shielding 152 | . 23 129 Core Remaining (%) 91 | 100 83 . Volleys Fired 56 | . 25 31 Largest 2 | . 2 2 Hottest 150 | . 60 150 Shots Fired 98 | . 42 56 Gun 38 | . 30 8 Cannon 33 | . . 33 Launcher 27 | . 12 15 Special . | . . . Kinetic 38 | . 30 8 Thermal 33 | . . 33 Explosive 27 | . 12 15 Electromagnetic . | . . . Robot Hit Streak 9 | . 9 6 Robot Miss Streak 5 | . 3 5 Penetration Max . | . . . Secondary Targets . | . . . Shots Hit Robots 54 | . 24 30 Core Hits 57 | . 34 23 Critical Kills . | . . . Critical Parts Destroyed . | . . . Critical Strikes . | . . . Melee Attacks . | . . . Impact . | . . . Slashing . | . . . Piercing . | . . . Sneak Attacks . | . . . Combat Hostiles . | . . . Follow-up Attacks . | . . . Damage Inflicted 2382 | . 1096 1286 Guns 243 | . 184 59 Cannons 525 | . . 525 Explosions 1614 | . 912 702 Melee . | . . . Ramming . | . . . Kinetic 243 | . 184 59 Thermal 525 | . . 525 Explosive 1546 | . 844 702 Electromagnetic 68 | . 68 . Impact . | . . . Slashing . | . . . Piercing . | . . . Highest Corruption . | . . . Average Corruption . | . . . Corruption Purged . | . . . Corruption Blocked . | . . . Overload Shots . | . . . Overflow Damage 33 | . 31 2 Projectiles . | . . . Explosions 33 | . 31 2 Melee . | . . . Knockbacks . | . . . Impact . | . . . Kinetic . | . . . Secondary . | . . . Self-Inflicted Damage 41 | . 41 . Shots 3 | . 3 . Rammed . | . . . Targets Rammed . | . . . Kicked . | . . . Crushed . | . . . Highest Temperature 369 | . 6 369 Average Temperature 139 | . 3 150 Received Heat Transfer 906 | . 174 732 Siege Activations . | . . . Martial Activations . | . . . Shielding Activations . | . . . Robots Disrupted . | . . . Combat Hostiles . | . . . Robots Corrupted . | . . . Combat Hostiles . | . . . Parts Fried . | . . . Impact Corruptions . | . . . Robots Melted . | . . . Combat Hostiles . | . . . Parts Melted . | . . . Heat Transferred 777 | . . 777 Parts Sabotaged . | . . . Parts Stolen . | . . . Parts Stripped . | . . . Power Chain Reactions . | . . . Alert | -11 -10 -9 ------- Run | Yrd Mat Mat Maximum Alert Level 1 | . 1 . Low Security (%) 90 | 100 80 100 Level 1 9 | . 19 . Level 2 . | . . . Level 3 . | . . . Level 4 . | . . . Level 5 . | . . . High Security . | . . . Max Security . | . . . Peak Influence 253 | . 253 186 Initial 55 | . . 55 Average 67 | . 74 65 Influence Increases 994 | . 499 495 Destroy 0b10 Robot/C 560 | . 260 300 Destroy 0b10 Robot/NC 60 | . 40 20 Destroy Leader 112 | . 56 56 Successful Hack 15 | . 15 . Disable Machine 75 | . 60 15 Destroy Structure 127 | . 68 59 Lose Combat Pursuer 45 | . . 45 Influence Decreases 864 | . 366 498 Entered New Map 78 | . . 78 Time Decay 472 | . 206 266 Lost Part 103 | . 10 93 Purge Threat 211 | . 150 61 Squads Dispatched 7 | . 4 3 Investigation 5 | . 3 2 Extermination . | . . . Reinforcement 2 | . 1 1 Assault . | . . . Garrison . | . . . Intercept . | . . . Searches Triggered . | . . . Construction Impeded . | . . . Haulers Reinforced . | . . . Active Scanning Responses . | . . . Cargo Convoy Interrupts . | . . . Stealth | -11 -10 -9 --------- Run | Yrd Mat Mat Distress Signals 5 | . . 5 Communications Jammed . | . . . Distress Signals . | . . . Times Spotted 37 | . 15 22 Peak Tracking Total 7 | . 5 7 Tactical Retreats 2 | . . 2 Traps | -11 -10 -9 ------- Run | Yrd Mat Mat Traps Triggered . | . . . Indirectly . | . . . Trap Hack Attempts . | . . . Triggered . | . . . Disarmed . | . . . Reprogrammed . | . . . Reused . | . . . Traps Extracted . | . . . Installed . | . . . Triggered . | . . . Machines | -11 -10 -9 ---------- Run | Yrd Mat Mat Machines Disabled 5 | . 4 1 Max in Single Turn 2 | . 2 1 Machines Repaired . | . . . Machines Dismantled . | . . . Machines Sabotaged . | . . . Overloaded Fab Kills . | . . . Hacking | -11 -10 -9 --------- Run | Yrd Mat Mat Machines Accessed 7 | . 3 4 Terminals 6 | . 2 4 Fabricators . | . . . Repair Stations . | . . . Recycling Units 1 | . 1 . Scanalyzers . | . . . Garrison Access . | . . . Total Hacks 25 | . 11 14 Successful 9 | . 5 4 Failed 16 | . 6 10 Catastrophic 4 | . 1 3 Database Lockouts . | . . . Manual 15 | . 5 10 Terminals 21 | . 7 14 Fabricators . | . . . Repair Stations . | . . . Recycling Units 4 | . 4 . Scanalyzers . | . . . Garrison Access . | . . . Terminal Hacks 7 | . 3 4 Prototype ID Bank 1 | . 1 . Branch Access Points 1 | . . 1 Alert Level 3 | . 1 2 Unreport Threat 2 | . 1 1 Fabricator Hacks . | . . . Repair Station Hacks . | . . . Recycling Unit Hacks 2 | . 2 . Recycle Component 1 | . 1 . Report Inventory 1 | . 1 . Scanalyzer . | . . . Garrison Access Hacks . | . . . Unauthorized Hacks . | . . . Terminals . | . . . Fabricators . | . . . Repair Stations . | . . . Recycling Units . | . . . Scanalyzers . | . . . Garrison Access . | . . . Data Cores Recovered . | . . . Used . | . . . Hacking Detections 7 | . 3 4 Full Trace Events 7 | . 3 4 Feedback Events . | . . . Feedback Blocked . | . . . Robot Schematics Acquired . | . . . Robots Built . | . . . Authchips . | . . . Time . | . . . Total Robot Build Rating . | . . . Part Schematics Acquired . | . . . Parts Built . | . . . Authchips . | . . . Time . | . . . Total Part Build Rating . | . . . Part Studies Acquired . | . . . Parts Repaired . | . . . Time . | . . . Parts Recycled 1 | . 1 . Recycled Matter . | . . . Retrieved Matter . | . . . Retrieved Components . | . . . Parts Scanalyzed . | . . . Part Schematics Acquired . | . . . Parts Damaged . | . . . Bothacking | -11 -10 -9 ------------ Run | Yrd Mat Mat Used RIF Installer . | . . . Robots Hacked . | . . . Non-combat . | . . . Combat . | . . . Robot Hacks Applied . | . . . Relay Couplers Released . | . . . Fabnet Peak Effective % . | . . . Robots Rewired . | . . . Allies Hacked . | . . . Hacks Repelled . | . . . Allies | -11 -10 -9 -------- Run | Yrd Mat Mat Total Allies . | . . . Largest Group . | . . . Highest-Rated Group . | . . . Highest-Rated Ally . | . . . Total Orders . | . . . Ally Attacks . | . . . Total Damage . | . . . Kills . | . . . Allies Corrupted . | . . . Allies Melted . | . . . Intel | -11 -10 -9 ------- Run | Yrd Mat Mat Active Infowar (turns) 864 | . 190 674 Optics 674 | . . 674 Terrain 190 | . 190 . Traps 359 | . . 359 Robot Analysis Total . | . . . Derelict Logs Recovered . | . . . Drone Launches . | . . . Drone Recoveries . | . . . Exploration | -11 -10 -9 ------------- Run | Yrd Mat Mat Turns Passed 1438 | 57 706 675 Spaces Moved 586 | 36 284 266 Core 18 | 13 . 5 Treads 345 | 23 284 38 Legs 223 | . . 223 Wheels . | . . . Hover . | . . . Flight . | . . . Fastest Speed 50 | 50 160 190 Average Speed 208 | 127 218 207 Slowest Speed 800 | 160 240 800 Overloaded Moves . | . . . Propulsion Burnouts . | . . . Robots Hopped . | . . . Potential Cave-ins . | . . . Cave-ins Triggered . | . . . Exploration Rate (%) 27 | 2 43 36 Regions Visited 2 Branch Regions . Pre-discovered Areas . | . . . Known Exits Taken . | . . . Unknown Exits Taken 2 | 1 1 . Scrap Searched . | . . . Spaces Dug . | . . . Terrain Destroyed 142 | . 74 68 Melee . | . . . Projectile 10 | . . 10 AOE 132 | . 74 58 Terrain Rammed . | . . . Walls Destroyed . | . . . Machines Disabled . | . . . Actions | -11 -10 -9 --------- Run | Yrd Mat Mat Total 708 | 47 328 333 Wait 3 | . . 3 Move 584 | 35 283 266 Hop . | . . . Pick Up 29 | 6 11 12 Fast Attach 1 | 1 . . Attach 12 | 5 1 6 Detach . | . . . Swap 14 | . 5 9 Drop 9 | . 3 6 Fire 56 | . 25 31 Melee . | . . . Ram . | . . . Kick . | . . . Crush . | . . . Escape Stasis . | . . . Rewire . | . . . Trap . | . . . Miscellaneous . | . . . Route ------- -11/Scrapyard -10/Materials (discovered 2 exits: *Mat / [*Min]) -9/Materials (discovered 3 exits: [*Mat x2] / *Min) History --------- Turn | Location | Event 13 | -11/Scrapyard | Discovered new exit (range 15) 58 | -11/Scrapyard | Entered Materials 151 | -10/Materials | Discovered new exit (range 14) 318 | -10/Materials | Build established: Mutant 586 | -10/Materials | Discovered new exit (range 12) 764 | -10/Materials | Entered another Materials area 764 | -9/Materials | Evolved 2 slots: Utility x2 942 | -9/Materials | Identified exit to Mines 1034 | -9/Materials | Discovered new exit (range 10) 1397 | -9/Materials | Core integrity fell below 50% 1421 | -9/Materials | Destroyed 8 combat bots 1421 | -9/Materials | Discovered new exit (range 17) 1432 | -9/Materials | Core integrity fell below 20% 1439 | -9/Materials | Destroyed by G-47 Trooper with Particle Gun Last Messages --------------- 01386_ R-06 Scavenger collects Sml. Laser. 01386_ K-01 Serf collects debris. 01387_ Hvy. Particle Cannon destroyed. 01390_ R-06 Scavenger collects Ion Engine. 01390_ K-01 Serf collects debris. 01392_ K-01 Serf destroyed. 01393_ R-06 Scavenger collects Wheel. 01393_ Hvy. Particle Cannon destroyed. 01394_ Acquired 50 matter. 01400_ G-34 Mercenary destroyed. 01400_ B-36 Bruiser destroyed. 01401_ The unstable cave ceiling collapses. 01403_ Carbon-fiber Leg destroyed. 01407_ Grenade Launcher destroyed. 01415_ K-01 Serf collects debris. 01417_ The unstable cave ceiling collapses. 01417_ R-06 Scavenger collects Ion Engine. 01419_ K-01 Serf collects debris. 01421_ EXIT=FOUND 01439_ Critical hit (Burn: +37). Map ----- +----------------------------------------------------+ | #???# ### #????????????????????????????????? | | #???# ==#????????????????????????????????? | | #???# ==#???????#+#??????????????????????? | | #???# #???????# #?##########???#???????? | | #???# ]]#???????# #?# #?? #???????? | | #???# #####?????### ### """ #? #???????? | | ##### ########### #% """ #? #???????? | | # *#* """ # #???????? | | + / %+* # #???????? | | # #% # #???????? | | # ########### # # #???????? | | ?# #?????????## ## "T" # #???????? | | ?# ########### # """ / +???????? | | ##??# # *% ########## #???????? | | ????# # #???????# #???????? | | ????# # % #???????? # ??????? | | ????# # # = # #????????? # ????? | | ????# # # = #?????????? #? ???? | | ????# + !# #???????????#??###??? | | ????# # # "#????????????????????? | | ???## ############ "#????????????????????? | | #### #?????????# ##????????????????????? | | #?????????# #?????????????????????? | | T #?????????# #?????????????????????? | | #?????????# ####### ### #???????? | | #### #?????????# g @ #???? | | ???#######? + g t < #???? | | ??????????# """ # #???? | | ?????????????"""? # ######????? | | ????????????????? ?# #?????????? | | ???????????????? ?# a #?????????? | | ???????????????##??# #?????????? | | ???????????????????# [[ #?????????? | | ???????????????????# """ [[ #?????????? | | ???????????????????# """ [ #?????????? | | ??????????????????? """ #?????????? | | ?????????????????? #?????????? | | ?????????????????? ?? #?????????? | | ????????????????? #######??#########?????????? | | ????????????????? ???????????????????????????? | | ?????????????????????????????????????????????? | | ?????????????????????????????????????????????? | | ?????????????????????????????????????????????? | | ?????????????????????????????????????????????? | | ?????????????????????????????????????????????? | | ?????????????????????????????????????????????? | | ?????????????????????????????????????????????? | | ?????????????????????????????????????????????? | | ?????????????????????????????????????????????? | | ?????????????????????????????????????????????? | +----------------------------------------------------+ Best States ------------- Heat Dissipation 38 Energy Generation 14 Energy Capacity 250 Matter Stores 300 Matter Capacity 300 Sight Range 18 Terrain Scan Range 14 Terrain Scan Density 10 Propulsion Shielding 66 Weapon Shielding 33 Evasion (%) 50 Recoil Reduction 2 Item Schematics ----------------- None Robot Schematics ------------------ None Fabricated ------------ Nothing Repaired ---------- Nothing Studied --------- None Alien Tech Used ----------------- None Achievements -------------- Everything Is Under Control Challenges ------------ None Game ------ Seed MediumNodeStabilizer Manual? 0 Play Time 00:22:57 Cumulative 5.0 hours Start 2026.04.08 @ 02:37:42 End 2026.04.08 @ 03:14:26 Sessions 1 Manual Loads 0 Difficulty Rogue Special Mode None Game No. 6 Rogue 6 Adventurer 0 Explorer 0 Win Type - Total 0 Types 0/0/0/0/0/0/0/0/0/0 Lore% 3 Gallery% 8 Achievement% 9 Wizard Run 0 Options --------- Layout 1 ASCII 0 Keyboard 0 Movement Mouse Keybinds 0 Fullscreen 1 Font 32/SmallcapsGlow Map View 50x35 Zoom Use 0% Tactical HUD 1 Map Filters NONE Filters NONE Steam 1 RUN: 47329714-23df-44ca-b33e-d8e5bbab1aaf